[Event "*** Titled Tuesday Blitz"]
[Site "Chess.com"]
[Date "2020.04.07"]
[Round "2"]
[White "vaps"]
[Black "AquivaRubinstein"]
[Result "0-1"]
[WhiteElo "1983"]
[BlackElo "2401"]
[TimeControl "180+1"]
[EndTime "13:19:25 PDT"]
[Termination "AquivaRubinstein won by checkmate"]

1. Nf3 c5 2. c4 Nf6 3. Nc3 e6 4. g3 b6 5. Bg2 Bb7 6. d4 cxd4 7.
Qxd4 Nc6 8. Qf4 Be7 9. O-O O-O 10. Rd1 a6 11. b3 Qb8 12. Qxb8 Raxb8 13. Bf4 Rbc8 14.
Na4 Bd8 15. Ne5 Ba8 16. Nxd7 Nxd7 17. Rxd7 b5 18. cxb5 axb5 19. Nb2 Bf6 20. Rb1 Nb4 21.
Bxa8 Rxa8 22. Bd6 Rfc8 23. Bxb4 Rc2 24. Nd3 Raxa2 25. e3 h5 26. Rb7 e5 27. e4 Re2 28.
Rxb5 Rxe4 29. Ra5 Rc2 30. Rc1 Rce2 31. Bc5 Rd2 32. Ne1 Ree2 33. Be3 Rb2 34. Ra8+ Kh7 35. Rb8 e4 36. b4 h4 37. b5 h3 38. b6 Bc3 39. Rxc3 Rxe1# 0-1

[Event "*** Titled Tuesday Blitz"]
[Site "Chess.com"]
[Date "2020.04.07"]
[Round "2"]
[White "DishonorOnYourCow"]
[Black "Nikolakis2014"]
[Result "0-1"]
[WhiteElo "2338"]
[BlackElo "2685"]
[TimeControl "180+1"]
[EndTime "13:19:26 PDT"]
[Termination "Nikolakis2014 won on time"]

1. d4 Nf6 2. c4 e6 3. Nf3 d5 4. Nc3 Be7 5. Bf4 O-O 6. e3 b6 7. Rc1 Bb7 8. cxd5 Nxd5 9. Nxd5 Qxd5 10. a3 c5 11. Bc4 Qh5 12. Be2 Qg6 13. O-O Rd8 14. Qb3 Nd7 15. Bg3 h5 16. Bd3 Qh6 17.
h3 Bxf3 18. gxf3 cxd4 19. Be4 Nc5 20. Qc2 Nxe4 21. Qxe4 dxe3 22. fxe3 Rd5 23. Kh1 Rad8 24. Rg1 Bf6 25. Bf4 Qh7 26. Qxh7+ Kxh7 27. e4 Rd3 28. Rc7 Rxf3 29. Bc1 Kg8 30. Rxa7 Rxh3+ 31. Kg2 Rhd3 32. Rb7 Rb3 33. Re1 h4 34. e5 h3+ 35.
Kh2 Bh4 36. Rf1 Bg3+ 37. Kxh3 Bxe5+ 38. Kg2 Bf6 39. Rf2 Rdd3 40. a4 Rg3+ 41. Kf1 Rgf3 42. Rxf3 Rxf3+ 43. Ke2 Rb3 44. a5 Bxb2 0-1

[Event "*** Titled Tuesday Blitz"]
[Site "Chess.com"]
[Date "2020.04.07"]
[Round "2"]
[White "Pudor"]
[Black "Abdimalik_Abdisalimov"]
[Result "0-1"]
[WhiteElo "2370"]
[BlackElo "2849"]
[TimeControl "180+1"]
[EndTime "13:19:26 PDT"]
[Termination "Abdimalik_Abdisalimov won by resignation"]

1. d4 Nf6 2. c4 e6 3. Nc3 Bb4 4. Nf3 b6 5. Qb3 c5 6. dxc5 bxc5 7. g3 Nc6 8. Bg2 Na5 9. Qa4 Nxc4 10. O-O Nb6 11. Qc2 O-O 12. e4 Bxc3 13. bxc3 Bb7 14. e5 Ng4 15. Ng5 g6 16. Bxb7 Rb8 17. Bg2 Nxe5 18.
Bf4 f6 19. Nf3 d6 20. Rfd1 Qe7 21. Nxe5 fxe5 22. Bh6 Rfd8 23. c4 d5 24. h4 Qd6 25.
h5 Kf7 26. Qe2 Nxc4 27. Qf3+ Ke8 28. hxg6 hxg6 29. Qf6 Qe7 30. Qxg6+ Qf7 31. Qg4 Rb2 32. Rf1 Nd2 33. Bxd2 Rxd2 34. Bh3 c4 35. Qxe6+ Qxe6 36.
Bxe6 Ke7 37. Bg4 c3 38. Rad1 Rxa2 39. Bf3 d4 40. Be4 a5 41. Ra1 Re2 42. Bd3 Rd2 43.
Rfd1 Rxd1+ 44. Rxd1 a4 45. Ra1 Ra8 46. Kf1 Kd6 47. Ke1 a3 48. Ra2 Kc5 49. Kd1 Kb4 50. Bc2 Re8 51. f3 Rh8 52. g4 Rh1+ 53. Ke2 Rh2+ 54. Kd3 Rd2+ 55. Ke4 d3 56. g5 dxc2 57. g6 c1=Q 58. g7 Qe1+ 59. Kf5 Qg3 0-1

[Event "*** Titled Tuesday Blitz"]
[Site "Chess.com"]
[Date "2020.04.07"]
[Round "2"]
[White "freshfoodcompany"]
[Black "djano"]
[Result "0-1"]
[WhiteElo "2240"]
[BlackElo "2480"]
[TimeControl "180+1"]
[EndTime "13:19:26 PDT"]
[Termination "djano won by resignation"]

1. d4 Nf6 2. c4 e6 3. Nc3 Bb4 4. e3 O-O 5. Bd3 c5 6. Ne2 d5 7. O-O cxd4 8. exd4 dxc4 9. Bxc4 b6 10. d5 e5 11. Bg5 Nbd7 12. Ne4 h6 13. Nxf6+ Nxf6 14. Bh4 Bb7 15. Nc3 Rc8 16. Qb3 Bxc3 17. bxc3 Bxd5 18. Bxf6 Bxc4 19. Bxd8 Bxb3 20. axb3 Rfxd8 21. c4 a5 22. Rfd1 f6 23. f3 Kf7 24. Kf2 Ke6 25.
Ke3 Rd6 26. Rxd6+ Kxd6 27. Rd1+ Kc5 28. Rd5+ Kc6 29. Ke4 g6 30. h4 Re8 31. g4 h5 32.
gxh5 f5+ 33. Ke3 gxh5 34. f4 exf4+ 35. Kxf4 Re4+ 36. Kxf5 Rxh4 37. Ke5 Rh3 38. Rd6+ Kc5 39. Rd5+ Kc6 40. Rd6+ Kc7 41. Rh6 Rxb3 42. Rxh5 Rd3 43.
Ke4 Rd8 44. Ke3 Kc6 45. Ke4 a4 46. Ke3 a3 47. Ke2 a2 48. Rh1 Ra8 49. Ra1 Kc5 50.
Kd3 Kb4 51. Kc2 Kxc4 52. Kb2 Kb4 53. Kc2 Ka3 54. Kc3 Rc8+ 0-1

[Event "*** Titled Tuesday Blitz"]
[Site "Chess.com"]
[Date "2020.04.07"]
[Round "2"]
[White "Colombiano07"]
[Black "Stormeman100100"]
[Result "0-1"]
[WhiteElo "2238"]
[BlackElo "2477"]
[TimeControl "180+1"]
[EndTime "13:19:26 PDT"]
[Termination "Stormeman100100 won on time"]

1. Nf3 d5 2. b3 c5 3. e3 Nc6 4. Bb5 Bd7 5. Bb2 Nf6 6. O-O e6 7. d3 Be7 8. Nbd2 O-O 9. Bxc6 Bxc6 10. Ne5 Rc8 11. f4 Be8 12. Rf3 Nd7 13. Rg3 Nxe5 14. Bxe5 f6 15. Bb2 Bg6 16. Qf3 Bd6 17. Rf1 Qe7 18. e4 dxe4 19. dxe4 e5 20. f5 Be8 21. Nc4 Bc6 22. Nxd6 Qxd6 23. Rd1 Qe7 24. Qe2 Rfd8 25. Rgd3 b6 26. Qd2 Rxd3 27. Qxd3 Qb7 28. Re1 Qc7 29. Qc4+ Kh8 30. g4 Rd8 31. g5 Qb7 32. h4 Qe7 33. Qe6 Qxe6 34. fxe6 Re8 35. gxf6 gxf6 36. Kf2 Rxe6 37.
Ke3 Re8 38. Rd1 Re6 39. Rd8+ Kg7 40. Rc8 Kg6 41. Rc7 a5 42. Bc3 h6 43. Be1 f5 44.
exf5+ Kxf5 45. Bd2 Kg4 0-1

[Event "*** Titled Tuesday Blitz"]
[Site "Chess.com"]
[Date "2020.04.07"]
[Round "2"]
[White "thedjoker98"]
[Black "kai_nov"]
[Result "1-0"]
[WhiteElo "2454"]
[BlackElo "2197"]
[TimeControl "180+1"]
[EndTime "13:19:26 PDT"]
[Termination "thedjoker98 won by checkmate"]

1. d4 d5 2. c4 e6 3. Nc3 c6 4. e4 dxe4 5. Nxe4 Bb4+ 6. Nc3 Nf6 7. a3 Bxc3+ 8. bxc3 Qa5 9. Qc2 e5 10. Bd2 O-O 11. Nf3 Nbd7 12. Be2 e4 13. Ng5 h6 14.
Nxe4 Nxe4 15. Qxe4 Nf6 16. Qc2 Re8 17. Qd1 Ne4 18.
Rc1 Qxa3 19. O-O Bf5 20. Bd3 Nxf2 21. Rxf2 Bxd3 22. Ra1 Qe7 23. Bxh6 Be2 24. Qd2 gxh6 25. Re1 Qg5 26. Qxg5+ hxg5 27. Rfxe2 Kf8 28. Rxe8+ Rxe8 29.
Ra1 a6 30. Kf2 f5 31. Ra5 Kg7 32. Rxf5 Rf8 33. Rxf8 Kxf8 34. Ke3 Ke7 35. h3 Ke6 36. g3 Kf5 37. h4 gxh4 38. gxh4 b5 39. d5 cxd5 40.
cxd5 a5 41. h5 a4 42. Kd2 Ke5 43. h6 Kxd5 44. h7 Kc4 45. h8=Q Kb3 46. Qd4 a3 47.
Qb4+ Ka2 48. Kc2 Ka1 49. Qxa3# 1-0

[Event "*** Titled Tuesday Blitz"]
[Site "Chess.com"]
[Date "2020.04.07"]
[Round "2"]
[White "LogoCzar"]
[Black "Euwe1234"]
[Result "0-1"]
[WhiteElo "2395"]
[BlackElo "2118"]
[TimeControl "180+1"]
[EndTime "13:19:27 PDT"]
[Termination "Euwe1234 won by checkmate"]

1. e4 c5 2. Nf3 d6 3. d4 cxd4 4. Nxd4 Nf6 5. Nc3 a6 6. Bc4 e6 7. Bb3 Nbd7 8. f4 Nc5 9. f5 e5 10. Nde2 b5 11. Bg5 Bb7 12. Bxf6 Qxf6 13. Nd5 Qh4+ 14.
Ng3 Nxe4 15. Qf3 Nxg3 16. Nc7+ Kd8 17. Qxb7 Nxh1+ 18. g3 Qb4+ 19. c3 Qc5 20. Ne6+ fxe6 21. Qxa8+ Ke7 22. f6+ Kxf6 23. Qf3+ Ke7 24. Qb7+ Kd8 25.
O-O-O d5 26. Qxa6 Nf2 27. Qa8+ Qc8 28. Qa5+ Qc7 29. Qa8+ Ke7 30. Rf1 Ne4 31. Bxd5 exd5 32. Qxd5 Nf6 33. Qxb5 g6 34. Re1 Bh6+ 35. Kc2 e4 36.
Qb4+ Kf7 37. Qb3+ Kg7 38. Qe6 Re8 39. Qh3 Qc4 40. b3 Qd3+ 41. Kb2 Bd2 42. Rf1 Bxc3+ 43. Kc1 Qd2+ 44. Kb1 Qb2# 0-1

[Event "*** Titled Tuesday Blitz"]
[Site "Chess.com"]
[Date "2020.04.07"]
[Round "2"]
[White "Ellaijio_B"]
[Black "nihalsarin"]
[Result "0-1"]
[WhiteElo "2620"]
[BlackElo "3081"]
[TimeControl "180+1"]
[EndTime "13:19:28 PDT"]
[Termination "nihalsarin won on time"]

1. e4 c6 2. d4 d5 3. Nc3 dxe4 4. Nxe4 Nf6 5. Nxf6+ exf6 6. c3 Bd6 7. Bd3 O-O 8. Qc2 Re8+ 9. Ne2 h5 10. O-O Nd7 11.
c4 Nf8 12. Be3 h4 13. h3 Bc7 14. c5 Be6 15. Rad1 Qd7 16. Nf4 Rad8 17. Nxe6 Nxe6 18. Bc4 Bb8 19. d5 cxd5 20. Rxd5 Qc7 21. f4 Nf8 22.
Rxd8 Qxd8 23. Rf3 Qc7 24. b4 a5 25. a3 axb4 26. axb4 Qd7 27. Bf2 Ne6 28. Bxh4 Nxf4 29. Bg3 Nh5 30. Bxb8 Rxb8 31. Kh2 Qc7+ 32. Kg1 Rd8 33. Rd3 Re8 34. Rf3 Nf4 35. Qd2 Ng6 36. Kf2 Ne5 0-1

[Event "*** Titled Tuesday Blitz"]
[Site "Chess.com"]
[Date "2020.04.07"]
[Round "2"]
[White "GMNeiksans"]
[Black "Squirlolz"]
[Result "0-1"]
[WhiteElo "2838"]
[BlackElo "2576"]
[TimeControl "180+1"]
[EndTime "13:19:28 PDT"]
[Termination "Squirlolz won on time"]

1. e4 e6 2. d4 d5 3. Nd2 c5 4.
Ngf3 cxd4 5. Nxd4 Nc6 6. Bb5 Bd7 7. Nxc6 bxc6 8. Bd3 Bd6 9. O-O Qc7 10. Nf3 Ne7 11. Qe2 e5 12. Re1 f5 13. exd5 e4 14.
dxc6 Bxc6 15. Ng5 exd3 16. Qxd3 O-O 17. Ne6 Bxh2+ 18. Kh1 Qd6 19. Nxf8 Kxf8 20. Qh3 Bf4 21. Bxf4 Qxf4 22. Qxh7 Kf7 23. Qh2 Ng6 24. Qxf4 Nxf4 25.
f3 g5 26. Kg1 g4 27. fxg4 Nxg2 28. Rf1 Ne3 29. Rf4 Rg8 30. c4 Rxg4+ 31. Rxg4 fxg4 32. c5 g3 33. Re1 Nc2 34. Re5 Nd4 35. Re3 g2 0-1

[Event "*** Titled Tuesday Blitz"]
[Site "Chess.com"]
[Date "2020.04.07"]
[Round "2"]
[White "kinga2008"]
[Black "ChadBiryani"]
[Result "0-1"]
[WhiteElo "1911"]
[BlackElo "2398"]
[TimeControl "180+1"]
[EndTime "13:19:28 PDT"]
[Termination "ChadBiryani won by resignation"]

1. e4 c5 2. Nf3 d6 3. Bd3 g6 4. c3 Bg7 5. Bc2 Nf6 6. h3 O-O 7. O-O b5 8. d4 Bb7 9. Re1 Nc6 10. a3 Qb6 11. Be3 Rac8 12. Nbd2 Rfd8 13. b4 cxd4 14. cxd4 Qc7 15. Rc1 Qd7 16. Bd3 a6 17. Nb3 Ne8 18. d5 Ne5 19. Nxe5 Bxe5 20. f4 Bg7 21. Na5 Ba8 22. Qf3 e6 23. a4 exd5 24. exd5 Nf6 25. Nc6 bxa4 26. Nxd8 Rxc1 27. Rxc1 Bxd5 28. Qe2 Qxd8 29. Bxa6 Be6 30. Bc4 d5 31. Ba6 Ne4 32. Qd3 h5 33. Bd4 Qd6 34. Bxg7 Kxg7 35. Qd4+ Kh7 36. Bb5 Qxf4 37. Re1 a3 38. Bc6 a2 39.
Bxd5 Bxd5 40. Qxd5 Qf2+ 41. Kh2 Qg3+ 42. Kh1 Qxe1+ 43. Kh2 Qg3+ 0-1

[Event "*** Titled Tuesday Blitz"]
[Site "Chess.com"]
[Date "2020.04.07"]
[Round "2"]
[White "GeorgMeier"]
[Black "DrVelja"]
[Result "0-1"]
[WhiteElo "3000"]
[BlackElo "2636"]
[TimeControl "180+1"]
[EndTime "13:19:29 PDT"]
[Termination "DrVelja won on time"]

1. Nf3 Nf6 2. d4 g6 3. Bg5 Bg7 4.
Nbd2 O-O 5. e3 d6 6. Bd3 c5 7. c3 h6 8. Bh4 Nc6 9. O-O cxd4 10. exd4 e5 11. dxe5 dxe5 12. Qe2 Qc7 13. Rad1 Nh5 14.
Bg3 f5 15. Bb5 Nxg3 16. hxg3 e4 17. Ne1 Ne5 18. Nc2 Be6 19. Ne3 Rad8 20. Bc4 Nxc4 21.
Ndxc4 Kh7 22. a4 Qc6 23. Na5 Qxa4 24. Nxb7 Rxd1 25. Rxd1 Qc6 26. Na5 Qc5 27. Qa6 Bc8 28. b4 Qxe3 29. Qxc8 Rxc8 30. fxe3 Rxc3 31. Rd7 Rxe3 32.
Nc6 h5 33. Rxa7 Rxg3 34. b5 Rb3 35. Rb7 e3 36. Kf1 Rb2 37. Nd4 Kh6 38. Ne6 e2+ 39. Kf2 Bc3 0-1

[Event "*** Titled Tuesday Blitz"]
[Site "Chess.com"]
[Date "2020.04.07"]
[Round "2"]
[White "flomarechot"]
[Black "Grandmaster1369"]
[Result "0-1"]
[WhiteElo "2173"]
[BlackElo "2446"]
[TimeControl "180+1"]
[EndTime "13:19:29 PDT"]
[Termination "Grandmaster1369 won by resignation"]

1. Nf3 c5 2. b3 f6 3. d4 cxd4 4. Nxd4 d5 5. g3 e5 6. Nf3 Nc6 7. Bg2 Bb4+ 8. c3 Bc5 9. O-O Nge7 10. Ba3 Bxa3 11. Nxa3 Qa5 12. Qc1 O-O 13. Qb2 Be6 14. c4 d4 15. e4 Rfd8 16. Ne1 d3 17. Rd1 Nb4 18. Kh1 Nec6 19. f4 Rd7 20. f5 Bf7 21. Nb1 Qxa2 22. Qxa2 Nxa2 23. Rxd3 Rad8 24. Rd5 Bxd5 25.
exd5 Nd4 26. Nd3 a5 27. Nc5 Rc7 28. Ne6 Nxe6 29. dxe6 Rd3 30. Bd5 Kf8 31. Na3 Nc3 32.
Bg2 Ke7 33. h3 Rxg3 34. Kh2 Rd3 35. Ra1 Rd2 36. Kg1 e4 37. Nb5 Nxb5 38. cxb5 e3 39. Re1 Rc3 40. Be4 Rxb3 41. Bxb7 Rxb5 42. Bf3 Rb3 43.
Rc1 e2 44. Bg4 Rd1+ 45. Rxd1 exd1=Q+ 46. Bxd1 0-1

[Event "*** Titled Tuesday Blitz"]
[Site "Chess.com"]
[Date "2020.04.07"]
[Round "2"]
[White "VeraLevel"]
[Black "Nancy11111"]
[Result "1-0"]
[WhiteElo "2693"]
[BlackElo "2354"]
[TimeControl "180+1"]
[EndTime "13:19:30 PDT"]
[Termination "VeraLevel won by resignation"]

1. d4 f5 2. Nf3 Nf6 3. Bf4 e6 4. e3 Be7 5. h3 d6 6. Be2 O-O 7. O-O Nc6 8. c4 Ne4 9. Nfd2 Nxd2 10. Qxd2 Bf6 11. Bh2 Qe8 12. Nc3 e5 13. Nd5 Bd8 14. c5 Kh8 15. cxd6 cxd6 16. dxe5 dxe5 17. Rac1 Be6 18.
Bb5 a6 19. Ba4 Qf7 20. Rfd1 Ba5 21. b4 Bxd5 22. Qxd5 Qxd5 23. Rxd5 Bxb4 24. Bxc6 bxc6 25. Rxc6 f4 26. exf4 exf4 27. Rc4 a5 28. Bxf4 Rae8 29.
Be5 Rf7 30. g4 Kg8 31. Kg2 Ra7 32. a4 g5 33. Bf6 h6 34. h4 gxh4 35. Bxh4 Rg7 36.
Rh5 Rg6 37. Bg3 Kh7 38. Kh3 Re1 39. Kg2 Re7 40. Rd5 Rge6 41. Rf5 Rg6 42. Kf3 Rd7 43. Bf4 Ra6 44. Be3 Rg7 45. Rc1 Rag6 46. Rh5 Rf7+ 47. Kg3 Bd6+ 48. Kh3 Rf3+ 49. Kg2 Rf7 50. f3 Bb4 51. Rch1 Rff6 52. g5 Kg8 53. Rxh6 Rxh6 54.
Rxh6 Rf5 55. Rc6 Re5 56. Kf2 Rd5 57. f4 Rd3 58. f5 Ra3 59. g6 Ra2+ 60. Kf3 Rxa4 61.
Rc8+ Bf8 62. Bh6 1-0

[Event "*** Titled Tuesday Blitz"]
[Site "Chess.com"]
[Date "2020.04.07"]
[Round "2"]
[White "joksijoksi"]
[Black "chessdjw"]
[Result "0-1"]
[WhiteElo "2270"]
[BlackElo "2653"]
[TimeControl "180+1"]
[EndTime "13:19:30 PDT"]
[Termination "chessdjw won by resignation"]

1. e4 c5 2. Nc3 d6 3. d4 cxd4 4.
Qxd4 Nc6 5. Qd2 g6 6. b3 Bh6 7. f4 f5 8. Bb2 Nf6 9. O-O-O Be6 10.
Nge2 Rc8 11. Kb1 O-O 12. h3 fxe4 13. g4 Bg7 14. f5 gxf5 15. Nf4 Bf7 16. gxf5 Ne5 17.
Be2 Qd7 18. Rhg1 Qxf5 19. Ncd5 Nxd5 20. Nxd5 Bxd5 21. Qxd5+ Kh8 22. Bg4 Nxg4 23. Bxg7+ Kxg7 24. Rxg4+ Kf6 25. Rgg1 Qxd5 26. Rxd5 Ke6 27. Rh5 Rf2 28. Rc1 d5 29. Rh6+ Ke5 30. Rxh7 e6 31. Rg7 e3 32.
Rg3 d4 33. c3 Ke4 34. Rg4+ Kf3 35. Rxd4 Rg8 36. Rd7 Rgg2 37. Rf7+ Ke4 38. Rxf2 exf2 0-1

[Event "*** Titled Tuesday Blitz"]
[Site "Chess.com"]
[Date "2020.04.07"]
[Round "2"]
[White "coalescenet"]
[Black "kingmonkey2006"]
[Result "0-1"]
[WhiteElo "2330"]
[BlackElo "2631"]
[TimeControl "180+1"]
[EndTime "13:19:30 PDT"]
[Termination "kingmonkey2006 won by resignation"]

1. d4 Nf6 2. c4 e6 3. Nf3 d5 4. Nc3 dxc4 5. e3 a6 6. a4 c5 7. Bxc4 Be7 8. O-O Nc6 9. d5 Na5 10. dxe6 Nxc4 11. exf7+ Kf8 12. Qe2 Na5 13. Bd2 Nb3 14.
Rad1 Nxd2 15. Rxd2 Qc7 16. Rfd1 g6 17. e4 Bg4 18. h3 Bxf3 19. Qxf3 Kg7 20. Nd5 Nxd5 21. Rxd5 Rad8 22. e5 Rxd5 23. Rxd5 Qc6 24. Qd3 Qe6 25. Rd7 Kxf7 26. f4 Rb8 27. Kh1 c4 28. Qd4 Rc8 29. Rxb7 Kg8 30. Qa7 Kf8 31. Rb8 Rxb8 32. Qxb8+ Kf7 33.
Qa8 Qf5 34. Qxa6 Qxf4 35. Qb5 Qf1+ 36. Kh2 Qf4+ 37. Kh1 Qd4 38. a5 Bc5 39. Qb7+ Ke6 40.
Qc8+ Kxe5 41. Qh8+ Kf4 42. Qxd4+ Bxd4 43. Kh2 Ke3 44.
a6 Kd3 45. Kg3 Kc2 46. h4 Kxb2 47. Kg4 c3 48. h5 c2 49. hxg6 hxg6 0-1

[Event "*** Titled Tuesday Blitz"]
[Site "Chess.com"]
[Date "2020.04.07"]
[Round "2"]
[White "MikeKorovin"]
[Black "IljaJoke"]
[Result "1-0"]
[WhiteElo "2765"]
[BlackElo "2517"]
[TimeControl "180+1"]
[EndTime "13:19:31 PDT"]
[Termination "MikeKorovin won by resignation"]

1. Nf3 Nf6 2. b3 g6 3. Bb2 Bg7 4. g3 d5 5. Bg2 c5 6. O-O Nc6 7.
d3 O-O 8. Nbd2 Re8 9. e4 d4 10. a4 e5 11. Nc4 b6 12. Bc1 a6 13. a5 b5 14. Nb6 Ra7 15. Bd2 h6 16. Qe2 Be6 17.
Ne1 Nd7 18. Nd5 Nf6 19. Nxf6+ Qxf6 20. f4 exf4 21. gxf4 Qd8 22. f5 Bxf5 23. Rxf5 gxf5 24. Qh5 Qf6 25. exf5 Ne5 26. Nf3 Nxf3+ 27. Bxf3 Rae7 28. Rf1 Re5 29. Be4 Rxe4 30. dxe4 Rxe4 31. Qf3 Rh4 32. Re1 Kh7 33. Re2 c4 34. Be1 Rh5 35. Qxh5 d3 36. cxd3 cxd3 37. Rg2 Qd4+ 38. Kh1 Qe4 39. Bd2 Qe5 40.
Qg4 Qa1+ 41. Rg1 Qb2 42. Qxg7+ Qxg7 43. Rxg7+ Kxg7 44. Bc3+ Kf8 45. Kg2 Ke7 46. Kf3 Kd6 47. Ke4 Kc5 48. Kxd3 b4 49. Bd2 Kb5 50. Bxh6 Kxa5 51.
Bd2 Kb5 52. h4 a5 53. h5 a4 54. bxa4+ Kxa4 55. h6 1-0

[Event "*** Titled Tuesday Blitz"]
[Site "Chess.com"]
[Date "2020.04.07"]
[Round "2"]
[White "mamonika"]
[Black "Ar4uha"]
[Result "1-0"]
[WhiteElo "1909"]
[BlackElo "2612"]
[TimeControl "180+1"]
[EndTime "13:19:32 PDT"]
[Termination "mamonika won on time"]

1. d4 Nf6 2. c4 e6 3. Nf3 b6 4.
g3 Ba6 5. b3 d5 6. cxd5 exd5 7.
Bg2 Bb4+ 8. Bd2 Bd6 9. O-O O-O 10.
Nc3 Re8 11. Re1 Nbd7 12. Qc2 Rc8 13. Qb2 c5 14. Rad1 Qe7 15. Bg5 Bb7 16. dxc5 Bxc5 17.
e3 h6 18. Bxf6 Nxf6 19. Nd4 Ba3 20. Qa1 Bb4 21. Rc1 Qe5 22. Red1 Ne4 23. Nxe4 dxe4 24.
Bh3 Rcd8 25. Rc4 Bc5 26. b4 Bd5 27. Rc2 Bxb4 28. Qb2 Bc5 29. Bf1 Bb7 30. Rcd2 Bxd4 31. Rxd4 Rxd4 32. Rxd4 Qe7 33. Qd2 Bc6 34. Bc4 Qc5 35.
Bb3 Qe7 36. Rd6 Bb5 37. a4 Bd3 38. Qb4 Qe5 39. Qa3 Rc8 40. Rd7 Rf8 41. Bd5 1-0

[Event "*** Titled Tuesday Blitz"]
[Site "Chess.com"]
[Date "2020.04.07"]
[Round "2"]
[White "Th3ChessViking"]
[Black "Rsnr"]
[Result "0-1"]
[WhiteElo "2534"]
[BlackElo "2812"]
[TimeControl "180+1"]
[EndTime "13:19:33 PDT"]
[Termination "Rsnr won on time"]

1. d4 Nf6 2. Nf3 d5 3. Bf4 c5 4. e3 Nc6 5. c3 Qb6 6. Qb3 c4 7. Qc2 Bf5 8. Qc1 Nh5 9. Be5 f6 10. Bg3 e5 11. Be2 Bd3 12. dxe5 Nxg3 13. hxg3 fxe5 14.
Qd2 e4 15. Nd4 Ne5 16. O-O Be7 17. f4 Nd7 18. a4 O-O 19. Na3 a6 20. Bg4 Nc5 21.
Rf2 Bf6 22. Qd1 Rad8 23. Nac2 Qxb2 24. Qe1 Qb6 25. a5 Qc7 26. Nb4 Nb3 27. Raa2 Nxd4 28. exd4 Rfe8 29. Qe3 Kh8 30. Bh3 Be7 31. g4 Bxb4 32.
cxb4 c3 33. Ra1 c2 34. Rc1 Qc4 35. g5 Qxb4 36. f5 Rf8 37. f6 gxf6 38. gxf6 Qd6 39. Qg5 Rg8 40. Qf5 Rdf8 0-1

[Event "*** Titled Tuesday Blitz"]
[Site "Chess.com"]
[Date "2020.04.07"]
[Round "2"]
[White "Arman_Hakemi"]
[Black "ChessQueen"]
[Result "1/2-1/2"]
[WhiteElo "2543"]
[BlackElo "2783"]
[TimeControl "180+1"]
[EndTime "13:19:33 PDT"]
[Termination "Game drawn by agreement"]

1. Nf3 Nf6 2. b3 b6 3. g3 Bb7 4. Bg2 e6 5. Bb2 Be7 6. O-O O-O 7.
c4 c5 8. d4 d5 9. Nbd2 Nc6 10.
e3 Rc8 11. Rc1 Nb4 12. Qe2 a5 13. a3 Nc6 14. cxd5 exd5 15. Rfd1 Qc7 16. Nb1 Qb8 17. Nc3 Rfd8 18. dxc5 bxc5 19. Na4 Ba8 20. Bxf6 Bxf6 21. Nxc5 d4 22. exd4 Nxd4 23. Nxd4 Bxg2 24. Kxg2 Bxd4 25. b4 axb4 26. axb4 Qxb4 27. Rc4 Qb6 28. Rdxd4 Rxd4 29. Rxd4 Qxc5 30. Qd2 Qc6+ 31. Kg1 Qb6 32. Rd6 Qb1+ 33. Kg2 Qb7+ 34. Kg1 Qb1+ 35. Kg2 Qe4+ 36. Kg1 h5 37. Rd8+ Rxd8 38. Qxd8+ Kh7 39. h4 f6 40. Qd2 Kg6 41. Kh2 Qf3 42. Qb2 Kh7 43.
Qc2+ Kh6 44. Qd2+ Kg6 45. Qc2+ f5 46. Qd2 Kh7 47. Kg1 Qe4 48. Qg5 Qe1+ 49. Kg2 1/2-1/2

[Event "*** Titled Tuesday Blitz"]
[Site "Chess.com"]
[Date "2020.04.07"]
[Round "2"]
[White "SCIM"]
[Black "CarlosAlbornoz"]
[Result "1-0"]
[WhiteElo "2481"]
[BlackElo "2738"]
[TimeControl "180+1"]
[EndTime "13:19:33 PDT"]
[Termination "SCIM won by resignation"]

1. d4 Nf6 2. c4 g6 3. Nc3 Bg7 4. e4 d6 5. f3 O-O 6. Be3 c5 7. d5 e6 8. Qd2 exd5 9. cxd5 Re8 10. Nge2 a6 11. a4 Nbd7 12. Nd1 Rb8 13. Nec3 Ne5 14. Be2 Bd7 15. h3 b5 16. f4 Nc4 17. Bxc4 bxc4 18. Nf2 Nh5 19. O-O Ng3 20. Rfe1 Rb3 21. e5 dxe5 22. fxe5 Bxe5 23. Bxc5 Qb8 24. Ra2 Bf5 25.
d6 Nh5 26. Ng4 Bxg4 27. hxg4 Bh2+ 28. Kxh2 Rxe1 29. Qxe1 Nf6 30. g5 Ng4+ 31. Kg1 Qc8 32. Ne4 h5 33. Ra3 Rd3 34. Rxd3 cxd3 35. Qd2 Qf5 36.
Qxd3 Qf4 37. Nf6+ Kg7 38. Nxg4 hxg4 39. Qd4+ Qxd4+ 40. Bxd4+ Kf8 41. Bf6 Ke8 42. Be7 Kd7 43.
Kf2 f6 44. gxf6 1-0

[Event "*** Titled Tuesday Blitz"]
[Site "Chess.com"]
[Date "2020.04.07"]
[Round "2"]
[White "saraswathii"]
[Black "Gogolev_Artemy"]
[Result "0-1"]
[WhiteElo "2216"]
[BlackElo "2464"]
[TimeControl "180+1"]
[EndTime "13:19:33 PDT"]
[Termination "Gogolev_Artemy won by resignation"]

1. e4 c6 2. d3 d5 3. Nd2 e5 4.
Ngf3 Bd6 5. g3 Nf6 6. Bg2 O-O 7. O-O Be6 8. Ng5 Bg4 9. Bf3 Bxf3 10. Ngxf3 Re8 11.
Qe2 Nbd7 12. Nh4 Bf8 13. Nb3 a5 14. a4 Qc7 15. Nf5 g6 16. Nh6+ Kg7 17. Ng4 Nxg4 18.
Qxg4 Nf6 19. Qe2 b5 20. axb5 cxb5 21. Bg5 a4 22. Nc1 dxe4 23. Bxf6+ Kxf6 24. dxe4 Qb6 25. Nd3 b4 26. Kg2 Kg7 27. f4 exf4 28. Rxf4 a3 29. bxa3 bxa3 30. Qf1 Ra7 31. Ra2 Qc6 32. Qa1+ Kg8 33.
Qe1 Qe6 34. Ra1 Bg7 35. e5 a2 36. Qe2 Bxe5 37. Nxe5 Qxe5 38. Qxe5 Rxe5 39. Rf2 Rea5 40. c3 Kg7 41. Kf1 f5 42. Ke1 Kf6 43. Kd1 Kg5 44. c4 Rc5 45. Rfxa2 Rxa2 46. Rxa2 Rxc4 47.
Ke2 Kg4 48. Kf1 Kh3 49. Rf2 Rc1+ 50. Ke2 Rc2+ 0-1

[Event "*** Titled Tuesday Blitz"]
[Site "Chess.com"]
[Date "2020.04.07"]
[Round "2"]
[White "Parhamov"]
[Black "vlad_Sid"]
[Result "1/2-1/2"]
[WhiteElo "3093"]
[BlackElo "2630"]
[TimeControl "180+1"]
[EndTime "13:19:34 PDT"]
[Termination "Game drawn by stalemate"]

1. e4 c6 2. d4 d5 3. exd5 cxd5 4. Bd3 Nc6 5. c3 Qc7 6. Na3 a6 7. Nc2 Nf6 8. h3 g6 9. Ne2 Bf5 10. O-O Bxd3 11. Qxd3 Bg7 12. Bf4 Qd7 13. Ne3 O-O 14. a4 Rac8 15. f3 Na5 16. b4 Nc4 17. a5 Nxe3 18. Bxe3 Rc4 19. Rae1 Rfc8 20. Bd2 Ne8 21.
Qe3 Nd6 22. Qf2 e5 23. dxe5 Bxe5 24. Qe3 Bg7 25. Qd3 Nb5 26. Rc1 Qc6 27. Rfd1 Nxc3 28. Nxc3 Bxc3 29. Rxc3 Rxc3 30. Bxc3 Qxc3 31. Qxc3 Rxc3 32.
Rxd5 Rc4 33. b5 axb5 34. Rxb5 Ra4 35. Kf2 Kg7 36. h4 h5 37. g3 Ra3 38. Ke2 Kg8 39.
g4 hxg4 40. fxg4 Ra4 41. Kf3 Kg7 42. Kg3 Ra3+ 43. Kf4 Ra4+ 44. Kf3 Ra3+ 45. Ke2 Ra4 46. g5 Rxh4 47. Rxb7 Re4+ 48. Kd3 Re5 49. a6 Rxg5 50. Kc4 Ra5 51. a7 g5 52. Kb4 Ra1 53. Kc5 g4 54.
Kd4 Kg6 55. Ke3 f5 56. Kf4 Ra4+ 57. Ke5 Ra5+ 58. Kf4 Ra4+ 59. Ke5 g3 60. Rb3 Ra5+ 61. Kf4 Rxa7 62. Rxg3+ Kf6 63. Ra3 Rxa3 1/2-1/2

[Event "*** Titled Tuesday Blitz"]
[Site "Chess.com"]
[Date "2020.04.07"]
[Round "2"]
[White "JoakimVonAnd"]
[Black "AnishGiri"]
[Result "0-1"]
[WhiteElo "2495"]
[BlackElo "2934"]
[TimeControl "180+1"]
[EndTime "13:19:34 PDT"]
[Termination "AnishGiri won by resignation"]

1. d4 Nf6 2. c4 e6 3. Nc3 Bb4 4.
e3 O-O 5. Bd3 d5 6. Nf3 dxc4 7.
Bxc4 c5 8. O-O Nc6 9. a3 Bxc3 10. bxc3 Qc7 11. Bd3 e5 12. Qc2 Re8 13. dxe5 Nxe5 14. Nxe5 Qxe5 15. f4 Qe7 16. Re1 Ne4 17. Bxe4 Qxe4 18.
Qxe4 Rxe4 19. Rd1 Bg4 20. Rd5 b6 21. h3 Be6 22. Rd3 Ra4 23. Kf2 Kf8 24. g4 Re8 25.
Bb2 Re4 26. Re1 f6 27. Kf3 Bc8 28. Bc1 Kf7 29. Kf2 Rc4 30. Red1 h5 31. Kg3 Rh8 32. Bb2 Re4 33. Bc1 hxg4 34. hxg4 Rc4 35. Bb2 Re8 36. Bc1 g5 37. Kf3 Rg8 38. Bb2 gxf4 39. g5 fxg5 40. exf4 gxf4 41. Kf2 Rh8 42. Rg1 Rh2+ 43.
Rg2 Rxg2+ 44. Kxg2 Bf5 45. Rd2 Be4+ 46. Kf2 Ke6 47. Re2 Kf5 48. Rc2 Bxc2 0-1